 Dungeon Crawl Stone Soup version 0.17-a0-737-gf0a300a (webtiles) character file.

77 Ngotmuk the Skirmisher (level 4, -1/42 HPs)
             Began as a Naga Fighter on Apr 24, 2015.
             Slain by a kobold
             ... wielding a +0 whip
              (6 damage)
             ... on level 3 of the Dungeon.
             The game lasted 00:05:39 (1825 turns).

Ngotmuk the Skirmisher (Naga Fighter)               Turns: 1825, Time: 00:05:39

Health: -1/42      AC:  6    Str: 20    XL:     4   Next: 33%
Magic:  4/4        EV:  6    Int:  8    God:
Gold:   117        SH:  9    Dex: 10    Spells: 0 memorised, 3 levels left

rFire  + . .     SeeInvis +     a - +0 long sword
rCold  . . .     Clarity  .     b - +0 scale mail
rNeg   . . .     SustAb   .     c - +0 shield
rPois  +         Gourm    .     i - +0 helmet
rElec  .         Spirit   .     (no cloak)
rCorr  .         Warding  .     (no gloves)
rMut   .         Stasis   .     (no barding)
MR     .....                    (no amulet)
Stlth  ..........               (no ring)
                                o - ring of protection from fire

@: very slow, not resistant to hostile enchantments, extremely unstealthy
A: see invisible, deformed body, poison resistance, slowness 2, slow metabolism
1, spit poison 2, AC +1
a: Spit Poison


You were on level 3 of the Dungeon.
You were not hungry.

You visited 1 branch of the dungeon, and saw 3 of its levels.

You collected 117 gold pieces.

Inventory:

Hand weapons
 a - a +0 long sword (weapon)
Armour
 b - a +0 scale mail (worn)
 c - a +0 shield (worn)
 i - a +0 helmet (worn)
Jewellery
 o - a ring of protection from fire (left hand)
Scrolls
 f - 2 scrolls of remove curse {unknown}
 k - a scroll of random uselessness {unknown}
 n - 2 scrolls of identify {unknown}
Potions
 d - a potion of might
 h - a potion of brilliance {unknown}
 j - a potion of curing {unknown}
 l - a potion of haste {unknown}
Comestibles
 e - a bread ration
 g - 8 fruits
 m - a slice of pizza


   Skills:
 + Level 3.4 Fighting
 + Level 2.3 Long Blades
 + Level 3.0 Armour
 + Level 1.2 Dodging
 + Level 2.7 Shields


You had 3 spell levels left.
You didn't know any spells.

Dungeon Overview and Level Annotations

Branches:
Dungeon (3/15)

Altars:
Gozag
Zin


Innate Abilities, Weirdness & Mutations

You cannot wear boots.
Your serpentine skin is tough (AC +1).
You have supernaturally acute eyesight.
Armour fits poorly on your strangely shaped body.
Your system is resistant to poisons.
You cover ground very slowly.
You have a slow metabolism.
You can spit poison.


Message History

A gnoll comes into view. It is wielding a club.
The gnoll shouts!
You block the gnoll's attack.
The gnoll moves out of view.
The kobold hits you with a whip. The kobold hits you but does no damage.
The gnoll hits you from afar with a halberd!
The kobold closely misses you. The gnoll hits you but does no damage.
You hit the gnoll but do no damage. The gnoll barely misses you.
The kobold hits you with a whip. You block the gnoll's attack.
You barely miss the gnoll.
The gnoll hits you from afar with a halberd!
You block the kobold's attack. The gnoll hits you with a club.
* * * LOW HITPOINT WARNING * * *
You block the gnoll's attack.
You hit the gnoll.
The gnoll is lightly wounded.
The kobold hits you with a whip.
* * * LOW HITPOINT WARNING * * *
The gnoll hits you but does no damage. The kobold hits you with a whip.
You die...

#....# #.# ##
#....# #.# #....#
..# # ####.# ###
#.######(###....
?.#.#....((....#.
.....gg............
..#.#gK........#..
#.@........#
############


You could see 2 gnolls, a goblin and a kobold.

Vanquished Creatures
  3 adders
  A worm (D:2)
  2 giant geckos (D:1)
  5 bats
  3 giant cockroaches
  2 goblins
  2 hobgoblins (D:1)
  10 jackals
  7 kobolds
  2 giant newts (D:1)
  5 rats
42 creatures vanquished.

Notes
Turn   | Place    | Note
--------------------------------------------------------------
     0 | D:1      | Ngotmuk, the Naga Fighter, began the quest for the Orb.
     0 | D:1      | Reached XP level 1. HP: 21/21 MP: 1/1
   134 | D:1      | Reached XP level 2. HP: 22/28 MP: 2/2
   928 | D:1      | Reached XP level 3. HP: 29/34 MP: 3/3
  1111 | D:2      | Reached skill level 1 in Dodging
  1516 | D:2      | Found a glowing silver altar of Zin.
  1517 | D:2      | Found an opulent altar of Gozag.
  1789 | D:3      | Reached XP level 4. HP: 37/42 MP: 4/4
  1825 | D:3      | Slain by a kobold

Action                   |  1- 3 |  4- 6 || total
-------------------------+-------+-------++-------
Melee: Long sword        |   165 |    11 ||   176
 Abil: Spit Poison       |     1 |     2 ||     3
  Eat: Meat ration       |     1 |       ||     1
